AoeStats
← A Delicious Pot Roast

MegaRandom

514433607Analyzed
4v4 RM · 3d ago on Oct 17, 2026· 69m 0s· 8 players
Game mode
Random Map
Map size
Large (8 player)
Population
200
Speed
Normal
Resources
Standard
Victory
Conquest
Starting age
Dark Age
Ending age
Imperial Age
RankedLock teamsTeams togetherTeam positionsShared explorationLock speedFull tech treeHidden civsTurbo modeCheats
Victory
Defeat
🇺🇸 Bohemians · United States
566
+9
🇺🇸 Armenians · United States
542
+10
🇫🇷 Britons · France
529
+11
🇩🇪 Spanish · Germany
510
+12
vs
🇩🇪 Hindustanis · Germany
450
-11
🇩🇪 Khmer · Germany
416
-11
🇩🇪 Saxons · Germany
401
-10
🇩🇪 Britons · Germany
387
-10
A Delicious Pot Roast
12:18 Feudal Age
14:37 Double-Bit Axe
15:31 Stone Mining
19:40 Castle Age
19:12 Loom
23:18 Fletching
26:55 Wheelbarrow
28:08 Hand Cart
28:20 Ballistics
27:56 Gold Mining
28:21 Bow Saw
30:15 Gold Shaft Mining
30:13 Bodkin Arrow
30:20 Padded Archer Armor
30:27 Horse Collar
32:38 Leather Archer Armor
36:12 Imperial Age
37:17 Conscription
36:46 Treadmill Crane
37:14 Bracer
39:46 Scale Mail Armor
39:44 Capped Ram
40:42 Siege Ram
40:58 Elite Composite Bowman
43:32 Ring Archer Armor
43:33 Heavy Plow
44:44 Chain Mail Armor
47:11 Plate Mail Armor
50:00 Forging
49:38 Arson
57:25 Chemistry
GALATASARAY
14:39 Feudal Age
15:43 Double-Bit Axe
15:43 Horse Collar
15:56 Gold Mining
22:58 Castle Age
22:50 Forging
22:32 Fletching
25:19 Caravan
25:40 Heavy Plow
25:52 Bow Saw
26:57 Ballistics
26:50 Bodkin Arrow
31:50 Iron Casting
31:21 Scale Barding Armor
31:22 Padded Archer Armor
31:24 Scale Mail Armor
34:13 Imperial Age
31:48 Stone Mining
36:44 Chemistry
37:32 Chain Mail Armor
36:40 Elite Skirmisher
37:25 Squires
38:04 Pikeman
39:52 Blast Furnace
39:23 Plate Mail Armor
39:10 Leather Archer Armor
42:36 Two-Man Saw
42:22 Stone Shaft Mining
41:34 Halberdier
42:25 Thumb Ring
42:25 Husbandry
43:27 Bloodlines
42:39 Light Cavalry
42:39 Cavalier
44:29 Elite Conquistador
45:42 Conscription
46:14 Supremacy
49:13 Bracer
49:43 Ring Archer Armor
49:35 Chain Barding Armor
60:29 Plate Barding Armor
62:18 Paladin
armand.clement.1234
0:33 Loom
9:21 Feudal Age
10:04 Double-Bit Axe
11:35 Horse Collar
14:09 Wheelbarrow
13:53 Gold Mining
21:26 Castle Age
20:10 Stone Mining
22:44 Gold Shaft Mining
22:14 Heavy Plow
22:30 Bow Saw
23:25 Hand Cart
23:23 Caravan
27:46 Masonry
27:35 Treadmill Crane
28:16 Fletching
28:33 Padded Archer Armor
32:46 Imperial Age
33:01 Elite Longbowman
34:03 Conscription
34:18 Bodkin Arrow
34:40 Leather Archer Armor
35:01 Ballistics
36:39 Architecture
37:11 Chemistry
39:17 Hoardings
39:49 Bracer
40:20 Ring Archer Armor
40:15 Yeomen
39:29 Sappers
41:26 Warwolf
43:41 Two-Man Saw
44:18 Murder Holes
slopeboy15
8:08 Loom
11:23 Feudal Age
12:07 Double-Bit Axe
18:13 Castle Age
16:23 Horse Collar
18:55 Wheelbarrow
24:08 Fervor
24:19 Sanctity
28:04 Chemistry
30:53 Heavy Plow
31:06 Bow Saw
36:18 Imperial Age
35:37 Ballistics
35:29 Masonry
35:21 Murder Holes
35:30 Fletching
35:47 Padded Archer Armor
36:14 Hand Cart
36:28 Wagenburg Tactics
37:48 Conscription
38:47 Houfnice
40:14 Elite Hussite Wagon
42:47 Two-Man Saw
41:48 Bodkin Arrow
42:10 Leather Archer Armor
42:11 Siege Engineers
42:38 Architecture
42:03 Arrowslits
42:33 Fortified Wall
42:35 Bracer
43:08 Pikeman
43:50 Squires
43:36 Arson
44:00 Caravan
44:45 Block Printing
45:07 Theocracy
45:00 Illumination
44:48 Redemption
44:56 Halberdier
46:18 Ring Archer Armor
45:58 Scale Mail Armor
46:09 Forging
46:37 Ring Archer Armor
47:26 Chain Mail Armor
50:06 Elite Skirmisher
52:52 Ring Archer Armor
52:59 Iron Casting
52:56 Plate Mail Armor
BlueRedMessi
9:23 Loom
12:12 Feudal Age
12:42 Double-Bit Axe
18:24 Horse Collar
21:27 Castle Age
26:47 Stone Mining
30:35 Heavy Plow
31:57 Squires
31:45 Arson
34:04 Caravan
35:03 Scale Mail Armor
38:26 Husbandry
38:40 Bloodlines
38:59 Grand Trunk Road
39:21 Forging
39:18 Scale Barding Armor
39:29 Chain Mail Armor
40:23 Wheelbarrow
40:13 Bow Saw
43:42 Imperial Age
42:26 Iron Casting
42:12 Chain Barding Armor
43:52 Elite Ghulam
44:56 Conscription
44:01 Heavy Camel Rider
55:15 Fortified Wall
58:54 Blast Furnace
58:12 Imperial Camel Rider
AltenPfleger_89
0:33 Loom
13:57 Feudal Age
16:34 Wheelbarrow
17:11 Double-Bit Axe
21:59 Castle Age
22:57 Hand Cart
23:32 Bow Saw
25:07 Caravan
26:23 Fishing Lines
28:53 Coinage
31:38 Horse Collar
35:27 Heavy Plow
35:45 Squires
35:31 Gambesons
35:07 Pikeman
38:47 Imperial Age
39:08 Gillnets
39:17 Elite Varangian Guard
39:37 Cranequins
40:23 Thumb Ring
41:07 Crop Rotation
41:41 Two-Man Saw
41:54 Guilds
42:15 Banking
41:49 Scale Mail Armor
42:00 Forging
41:52 Padded Archer Armor
41:43 Fletching
43:04 Bloodlines
42:55 Husbandry
43:22 Halberdier
47:44 Chemistry
46:30 Arrowslits
46:58 Masonry
46:40 Heated Shot
46:32 Treadmill Crane
47:13 Ballistics
47:01 Siege Engineers
47:08 Fortified Wall
47:59 Murder Holes
47:55 Guard Tower
47:41 Heavy Mounted Crossbowman
50:32 Chain Mail Armor
50:13 Bodkin Arrow
50:34 Leather Archer Armor
50:55 Iron Casting
50:17 Clerical Recruitment
51:19 Conscription
52:27 Elite Hearth Troop
52:29 Shield Wall
56:15 Plate Mail Armor
56:16 Ring Archer Armor
55:47 Bracer
55:53 Scale Barding Armor
56:26 Architecture
Memo434392
0:37 Loom
13:24 Feudal Age
14:55 Town Watch
15:46 Wheelbarrow
17:35 Gold Mining
17:36 Stone Mining
22:52 Double-Bit Axe
26:48 Castle Age
26:21 Forging
26:12 Scale Mail Armor
28:23 Iron Casting
30:23 Bow Saw
33:06 Hand Cart
33:58 Chain Mail Armor
33:44 Padded Archer Armor
46:55 Arson
sahin.nihat
0:57 Loom
11:17 Feudal Age
13:55 Wheelbarrow
15:07 Double-Bit Axe
17:58 Horse Collar
22:10 Castle Age
24:14 Hand Cart
26:20 Gold Mining
26:20 Stone Mining
27:21 Pikeman
28:25 Heavy Plow
29:38 Stone Mining
30:40 Gold Shaft Mining
32:36 Bow Saw
36:43 Tusk Swords
42:58 Imperial Age
40:54 Caravan
41:25 Coinage
43:02 Fortified Wall
43:13 Ballistics
42:50 Heated Shot
43:17 Scale Barding Armor
43:08 Fletching
43:29 Forging
43:20 Scale Mail Armor
43:20 Padded Archer Armor
44:45 Stone Shaft Mining
45:55 Crop Rotation
46:03 Banking
46:27 Double Crossbow
45:48 Elite Ballista Elephant
50:18 Chemistry
54:30 Halberdier
Connection lost

Rejoining the realm…

Still unreachable

The connection could not be restored.

Session expired

The server has moved on; the page needs a fresh start.